 Dungeon Crawl Stone Soup version 0.28-a0-793-g31680bbd8b (webtiles) character file.

Game seed: 12367171933448795861

2636 Essalna the Firebug (level 9, -7/52 HPs)
             Began as a Gargoyle Fire Elementalist on Nov 5, 2021.
             Was a Believer of Vehumet.
             Killed by divine providence
             ... invoked by an orc priest
              (8 damage)
             ... on level 8 of the Dungeon.
             The game lasted 00:23:35 (9195 turns).

Essalna the Firebug (Gargoyle Fire Elementalist)    Turns: 9195, Time: 00:23:35

Health: -7/52      AC: 11    Str: 12    XL:     9   Next: 61%
Magic:  5/17       EV: 29    Int: 24    God:    Vehumet [**....]
Gold:   308        SH:  0    Dex: 18    Spells: 12/19 levels left

rFire   + . .      SeeInvis .   h - +1 dagger (holy)
rCold   . . .      Faith    .   (no shield)
rNeg    + . .      Spirit   .   a - +0 robe
rPois   ∞          Reflect  .   (no helmet)
rElec   +          Harm     .   n - +0 cloak
rCorr   .          Rampage  .   q - +0 pair of gloves
Will    .....                   (no boots)
Stlth   ++........              k - amulet of the acrobat
HPRegen 0.17/turn               f - ring "Atoxki" {*Corrode rF+ Int+5 Dex+8 Slay-2}
MPRegen 0.15/turn               p - ring of wizardry

@: acrobatic
A: sickness immunity, AC +6, negative energy resistance 1, electricity
resistance, torment resistance 1, petrification resistance
a: Renounce Religion


You were on level 8 of the Dungeon.
You worshipped Vehumet.
Vehumet was pleased with you.
You visited 2 branches of the dungeon, and saw 9 of its levels.

You collected 308 gold pieces.

Inventory:

Hand Weapons
 h - a +1 dagger of holy wrath (weapon)
Missiles
 x - 2 throwing nets
Armour
 a - a +0 robe (worn)
 n - a +0 cloak (worn)
 q - a +0 pair of gloves (worn)
 w - a +0 cloak
Magical Staves
 r - a staff of poison
 v - a staff of air
Jewellery
 f - the ring "Atoxki" (left hand) {*Corrode rF+ Int+5 Dex+8 Slay-2}
   (You acquired it on level 6 of the Dungeon)

   [ring of protection from fire]

   Int:       It affects your intelligence (+5).
   Dex:       It affects your dexterity (+8).
   Slay:      It affects your accuracy & damage with ranged weapons and melee
   (-2).
   rF:        It protects you from fire.
   *Corrode:  It may corrode you when you take damage.
 k - an amulet of the acrobat (around neck)
 o - a ring of positive energy
 p - a ring of wizardry (right hand)
 s - the amulet "Heugae" {Spirit *Corrode rF+ Will+}
   (You found it on level 5 of the Dungeon)

   [amulet of guardian spirit]

   It causes incoming damage to be divided between your reserves of health and
   magic.
   rF:        It protects you from fire.
   *Corrode:  It may corrode you when you take damage.
   Will:      It increases your willpower.
 t - a ring of see invisible
Scrolls
 b - 11 scrolls of identify
 c - a scroll of fear
 j - a scroll of enchant armour {unknown}
 u - 2 scrolls of noise
Potions
 d - a potion of curing
 e - 2 potions of haste {unknown}
 g - 2 potions of ambrosia {unknown}
 i - a potion of berserk rage {unknown}
 l - a potion of flight {unknown}
 m - 4 potions of attraction {unknown}
 z - a potion of might {unknown}


   Skills:
 + Level 4.6 Fighting
 + Level 5.0 Armour
 + Level 4.0 Dodging
 - Level 2.1 Stealth
 + Level 5.5 Spellcasting
 + Level 6.3 Conjurations
 + Level 6.5 Fire Magic


You had 12 spell levels left.
You knew the following spells:

 Your Spells              Type           Power      Damage    Failure   Level
a - Foxfire               Conj/Fire      100%       2x1d9     1%          1
b - Scorch                Fire           76%        2d8       1%          2
c - Flame Wave            Conj/Fire      37%        3d8       2%          4

Your spell library contained the following spells:

 Spells                   Type           Power      Damage    Failure   Level
 Freeze                   Ice            24%        1d5       3%          1
 Conjure Flame            Conj/Fire      37%        6-21      1%          3
 Inner Flame              Hex/Fire       22%        N/A       2%          3
 Animate Skeleton         Necr           12%        N/A       3%          1
 Apportation              Tloc           12%        N/A       3%          1
 Summon Small Mammal      Summ           24%        N/A       3%          1
 Gell's Gravitas          Tloc           6%         N/A       11%         3
 Lesser Beckoning         Tloc           6%         N/A       11%         3
 Teleport Other           Tloc           6%         N/A       11%         3
 Alistair's Intoxication  Tmut/Pois      4%         N/A       65%         5
 Invisibility             Hex            3%         N/A       99%         6


Dungeon Overview and Level Annotations

Branches:
Dungeon (8/15)             Temple (1/1) D:4
   Lair: D:8-11

Altars:
Cheibriados
Gozag
Hepliaklqana
Qazlal
Trog
Vehumet
Wu Jian
Zin
The Shining One

Shops:
D:2 (   D:5 !

Annotations:
D:6 Maggie


Innate Abilities, Weirdness & Mutations

You are immune to sickness and miasma.
Your stone body is resilient. (AC +6)
You are immune to poison.
You resist negative energy. (rN+)
You are resistant to electric shocks. (rElec)
You are resistant to unholy torment.
You are immune to petrification.


Message History

Joseph hits you with a +2 quarterstaff of speed!
A wave of flame ripples out!
The flame wave engulfs Joseph!
Joseph is burned terribly!
Joseph is heavily wounded.
You hear a shout!
Joseph barely misses you. Joseph misses you.
A wave of flame ripples out!
The flame wave engulfs Joseph!
Joseph is burned terribly!
Joseph is severely wounded.
The flame wave engulfs the orc!
You kill the orc!
Vehumet accepts your kill.
You finish channelling waves of flame.
Joseph is no longer more vulnerable to fire.
An orc priest comes into view. It is wielding a +0 flail.
Joseph completely misses you.
Casting: Flame Wave (dangerous; 2% risk of failure)
Confirm with . or Enter, or press ? or * to list all spells.
Casting: Flame Wave (dangerous; 2% risk of failure)
Press: ? - help, Dir - look around, f - activate A wave of flame ripples out!
The flame wave engulfs Joseph!
Joseph is almost dead. (Press . to intensify the flame waves.) Joseph closely misses you.
An orc wizard comes into view. It is wielding a +0 dagger.
Joseph hits you with a +2 quarterstaff of speed!
* * * LOW HITPOINT WARNING * * *
A wave of flame ripples out!
The flame wave engulfs Joseph!!
You kill Joseph!
Vehumet accepts your kill.
The orc priest calls down the wrath of Beogh upon you.
You struggle to resist.
Your Armour skill increases to level 5!
Your Dodging skill increases to level 4!
The orc priest calls down the wrath of Beogh upon you.
Beogh smites you!
* * * LOW HITPOINT WARNING * * *
The orc priest mumbles some strange prayers to Beogh against you.
Beogh smites you!
You die...

#......#....#
#.........#.#
#.##.###oo#.#####
#.##.....)......#
...#....####.#.#.##
.....†......)...#.#
#......#.####[..#.#
#.#.#..#.# #...#.# # #
#..#.# #.#@#.#
.....####.#...#####.##
.......................
####.#######....#####.##
. #....# #....# #...>.
#..#.## ......


You could see an orc priest and an orc wizard.

Vanquished Creatures
  Joseph (D:8)
  Grinder (D:6)
  Sigmund (D:4)
  Menkaure (D:4)
  2 water moccasins
  Duvessa (D:6)
  An ice beast (D:7)
  A centaur (D:4)
  2 phantoms
  Blork the orc (D:4)
  A scorpion (D:6)
  Dowan (D:6)
  3 wights (D:7)
  A bullfrog zombie (D:5)
  A gnoll shaman (D:7)
  2 hounds
  2 orc priests (D:5)
  4 jellies
  A bullfrog skeleton (D:7)
  A centaur skeleton (D:7)
  Jessica (D:2)
  3 iguanas
  An orc wizard (D:4)
  A killer bee zombie (D:7)
  A hound zombie (D:5)
  2 hound skeletons
  2 howler monkey zombies (D:5)
  20 gnolls
  5 adders
  An ufetubus (D:5)
  An adder skeleton (D:4)
  2 worms
  3 dart slugs (D:3)
  14 orcs
  7 ball pythons
  17 endoplasms
  2 giant cockroaches
  9 goblins
  5 hobgoblins
  4 jackals (D:1)
  4 quokkas
  9 bats
  2 frilled lizards
  17 kobolds
  4 rats
166 creatures vanquished.

Vanquished Creatures (collateral kills)
  11 foxfires
11 creatures vanquished.

Vanquished Creatures (others)
  614 foxfires
  A fungus (D:2)
  8 toadstools (D:2)
623 creatures vanquished.

Grand Total: 800 creatures vanquished

Notes
Turn   | Place    | Note
-------+----------+-------------------------------------------
     0 | D:1      | Essalna the Gargoyle Fire Elementalist began the quest for
                  | the Orb.
     0 | D:1      | Reached XP level 1. HP: 10/10 MP: 3/3
   222 | D:1      | Reached XP level 2. HP: 15/15 MP: 0/5
   827 | D:1      | Found a faded altar of an unknown god.
   914 | D:1      | Reached XP level 3. HP: 15/19 MP: 2/6
  2056 | D:2      | Noticed Jessica
  2059 | D:2      | Killed Jessica
  2060 | D:2      | Reached XP level 4. HP: 24/24 MP: 4/8
  2131 | D:2      | Found Uviyfan's Weapon Boutique.
  2613 | D:2      | Reached XP level 5. HP: 28/28 MP: 6/9
  3845 | D:4      | Noticed a centaur
  3852 | D:4      | Killed a centaur
  3853 | D:4      | Reached XP level 6. HP: 21/32 MP: 3/11
  3987 | D:4      | Noticed Sigmund
  4292 | D:4      | Noticed Menkaure
  4298 | D:4      | Killed Menkaure
  4299 | D:4      | Reached skill level 1 in Fighting
  4299 | D:4      | Reached skill level 1 in Armour
  4299 | D:4      | Reached XP level 7. HP: 38/38 MP: 5/12
  4394 | D:4      | Reached skill level 5 in Fire Magic
  4578 | D:4      | Learned a level 2 spell: Scorch
  4585 | D:4      | Killed Sigmund
  4781 | D:4      | Found a staircase to the Ecumenical Temple.
  4880 | Temple   | Entered the Ecumenical Temple
  4899 | Temple   | Became a worshipper of Vehumet
  4987 | D:4      | Noticed Blork the orc
  4993 | D:4      | Killed Blork the orc
  5116 | D:4      | Reached XP level 8. HP: 35/44 MP: 8/14
  5620 | D:5      | Entered Level 5 of the Dungeon
  5677 | D:5      | Learned a level 4 spell: Flame Wave
  5944 | D:5      | Identified the amulet "Heugae" {Spirit *Corrode rF+ Will+}
  5975 | D:5      | Reached * piety under Vehumet
  5975 | D:5      | Offered knowledge of Sandblast by Vehumet.
  6344 | D:5      | Reached skill level 5 in Conjurations
  6690 | D:5      | Found Kuiheiw's Distillery.
  6901 | D:6      | Found a snail-covered altar of Cheibriados.
  7012 | D:6      | Noticed Maggie
  7013 | D:6      | Noticed Duvessa
  7360 | D:6      | Noticed Grinder
  7364 | D:6      | Killed Grinder
  7478 | D:6      | Reached skill level 5 in Spellcasting
  7702 | D:6      | Identified a scroll of acquirement
  7702 | D:6      | Acquired the ring "Atoxki" {*Corrode rF+ Int+5 Dex+8
                  | Slay-2}
  7820 | D:6      | Killed Duvessa
  7820 | D:6      | Noticed Dowan
  7821 | D:6      | Reached XP level 9. HP: 52/52 MP: 5/16
  8009 | D:6      | Killed Dowan
  9045 | D:7      | Offered knowledge of Freeze by Vehumet.
  9158 | D:8      | Noticed Joseph
  9193 | D:8      | Killed Joseph
  9193 | D:8      | Reached ** piety under Vehumet
  9194 | D:8      | Reached skill level 5 in Armour
  9194 | D:8      | HP: 1/52 [orc priest/divine providence (13)]
  9195 | D:8      | Killed from afar by an orc priest

Illustrated notes

Levels and vault maps discovered:
D:1:      shiori_arrival_elements, layout_loops_corners, basic_ecumenical_altar,
          st_stairs_13
D:2:      cheibrodos_fertilizer, layout_rooms, serial_shops, shop, uniq_jessica
D:3:      layout_basic
D:4:      corexii_shack_village, layout_cave_pods, temple_green,
          uniq_blork_the_orc, uniq_sigmund, uniq_menkaure
D:5:      layout_basic, serial_shops, nicolae_shop_behind_doors, st_stairs_6
D:6:      layout_cave_pods, kennysheep_little_box, hangedman_decor_riveting,
          uniq_maggie, uniq_grinder, uniq_duvessa
D:7:      layout_basic, serial_glass, glass_columns_a, glass_columns_b,
          moated_statue
D:8:      layout_basic, kennysheep_donut, uniq_joseph, uniq_pikel, uniq_maurice,
          uniq_harold
Temple:   nicolae_temple_the_god_donut

Skill      XL: |  1  2  3  4  5  6  7  8  9 |
---------------+----------------------------+-----
Conjurations   | 2 3 4 5 6 |  6.3
Spellcasting   | 3 4 5 |  5.5
Fire Magic     | 4 5 6 |  6.5
Fighting       | 1 2 3 4 |  4.6
Armour         | 1 2 4 5 |  5.0
Dodging        | 2 3 4 |  4.0
Stealth        | |  2.1

Action                   |  1- 3 |  4- 6 |  7- 9 || total
-------------------------+-------+-------+-------++-------
Melee: Unarmed           |    16 |       |       ||    16
       Dagger            |       |    35 |    22 ||    57
 Cast: Foxfire           |    96 |   103 |   174 ||   373
       Scorch            |       |       |    49 ||    49
       Flame Wave        |       |       |     8 ||     8
  Use: Scroll            |       |       |    11 ||    11
Armor: Robe              |    10 |    25 |    24 ||    59
Dodge: Dodged            |    24 |    36 |    53 ||   113

Table legend: (Time is in decaauts)
 A = Elapsed time spent in this place.
 B = Non-inter-level travel time spent in this place.
 C = Inter-level travel time spent in this place.
 D = Time resting spent in this place.
 E = Time spent auto-exploring this place.
 F = Levels seen in this place.
 G = Mean time per level.
                   A        B        C        D        E       F      G
               +--------+--------+--------+--------+--------+-----+--------+
         Total |   9203 |   8751 |    452 |    375 |   7064 |   9 | 1022.6 |
       Dungeon |   9172 |   8731 |    441 |    375 |   7053 |   8 | 1146.5 |
        Temple |     31 |     20 |     11 |      0 |     11 |   1 |   31.0 |
               +--------+--------+--------+--------+--------+-----+--------+

Top non-repeatable levels by time:
     D:1: 1701 daAuts
     D:4: 1659 daAuts
     D:6: 1445 daAuts
     D:5: 1402 daAuts
     D:2: 1314 daAuts
     D:3: 917 daAuts
     D:7: 680 daAuts
     D:8: 50 daAuts
  Temple: 31 daAuts
